Match 45274987
Unlisted

Match 45274987
End
Construct Infanterie Kompanie
Selects Terror Battlegroup
Selects Machine Gun Camouflage
MG 42 Machine Gun Team
Grenadier Squad
Selects Interrogate
Construct Panzergrenadier Kompanie
MG 42 Machine Gun Team
Panzergrenadier Squad
Pioneer Squad
Pak 40 Anti-tank Gun Team
Support Elements
Nebelwerfer 42 Rocket Launcher Team
StuG III G Assault Gun
Selects Propaganda Leaflet Drop
MG 42 Machine Gun Team
Nebelwerfer 42 Rocket Launcher Team
MG 42 Machine Gun Team
Mararas
Nałogowy
Rantanplan
fox
Adamir@Magnum.CZ
.
0
0

Comments sign in to comment!

No comments posted yet!